 Dungeon Crawl Stone Soup version 0.28.0-45-g0d030f2227 (console) character file.

Game seed: 10716951253310331577

100 Zeor the Magician (level 5, 0/40 HPs)
             Began as a Djinni Cinder Acolyte on Apr 17, 2022.
             Was a High Priest of Ignis.
             Slain by an orc wizard
             ... wielding a +0 dagger
              (3 damage)
             ... on level 3 of the Dungeon.
             The game lasted 00:04:40 (1940 turns).

Zeor the Magician (Djinni Cinder Acolyte)           Turns: 1940, Time: 00:04:41

Health: 0/40       AC:  2    Str: 13    XL:     5   Next: 3%
Gold:   86         EV: 11    Int: 17    God:    Ignis [*****.] SH:  0 Dex:  9

rFire   + + +      SeeInvis .   a - -1 falchion (flame)
rCold   x . .      Faith    .   (no shield)
rNeg    . . .      Spirit   .   b - +0 robe
rPois   ∞          Reflect  .   (no helmet)
rElec   .          Harm     .   (no cloak)
rCorr   .          Rampage  .   (no gloves)
Will    .....                   (boots unavailable)
Stlth   +.........              (no amulet)
HPRegen 0.13/turn               (no ring)
MPRegen 0.00/turn               (no ring)

@: mighty, flying
A: sickness immunity, fire resistance 2, cold vulnerability 1, float, innate
caster, HP casting, extra vitality 1
a: Renounce Religion, Fiery Armour, Foxfire Swarm, Rising Flame


You were on level 3 of the Dungeon.
You worshipped Ignis.
Ignis was extremely pleased with you.
You visited 1 branch of the dungeon, and saw 3 of its levels.

You collected 86 gold pieces.

Inventory:

Hand Weapons
 a - a -1 falchion of flaming (weapon)
 f - a +0 falchion
Missiles
 d - 18 bolts
Armour
 b - a +0 robe (worn)
Scrolls
 e - a scroll of identify


   Skills:
 + Level 3.2 Fighting
 + Level 3.0 Long Blades
 + Level 0.9 Dodging
 * Level 3.7 Spellcasting


You had 6 spell levels left.
You knew the following spells:

 Your Spells              Type           Power      Damage    Failure   Level
a - Scorch                Fire           30%        2d6       5%          2
b - Magic Dart            Conj           60%        1d6       3%          1
c - Poisonous Vapours     Pois/Air       30%        N/A       5%          2
Your spell library was empty.

Dungeon Overview and Level Annotations

Branches:
Dungeon (2/15)

Altars:


Innate Abilities, Weirdness & Mutations

You are immune to sickness and miasma.
You are immune to poison.
Your flesh is very heat resistant. (rF++)
You are vulnerable to cold. (rC-)
You float through the air rather than walking.
You learn spells naturally, not from books.
Your magical power is your life essence.
You have superior vitality. (+4 MHP)


Message History

You are confused.
The orc wizard is no longer more vulnerable to fire.
You feel very mighty all of a sudden.
You closely miss the orc.
The orc is moderately wounded.
The orc barely misses you. The endoplasm freezes you.
You are frozen.
You feel a terrible chill!
* * * LOW HITPOINT WARNING * * *
Your magical contamination has completely faded away.
You closely miss the orc.
The orc is moderately wounded.
The orc hits you but does no damage.
The endoplasm hits you but does no damage.
The orc hits you but does no damage. The orc hits you with a +0 whip.
* * * LOW HITPOINT WARNING * * *
You slash the endoplasm! You burn the endoplasm.
You kill the endoplasm!
The orc closely misses you.
You feel less confused.
The orc wizard gestures wildly while chanting.
The orc wizard flickers and vanishes!
Deactivating autopickup; reactivate with Ctrl-A.
You closely miss the goblin. The goblin hits you but does no damage.
You aren't carrying any potions.
You slash the goblin! You burn the goblin.
You kill the goblin!
You have reached level 5!
The power to cast Poisonous Vapours wells up from within.
Spell assigned to 'c'.
You closely miss the orc.
The orc is moderately wounded.
The orc misses you.
You hit the orc. You burn the orc.
You kill the orc!
You start resting.
Something hits you.
* * * LOW HITPOINT WARNING * * *
You hit something. You burn something. Something hits you.
You die... ▒▒∙∙∙ ∙)∙∙∙▒∙▒ ∙▒ ∙∙∙∙∙

▒∙▒▒∙▒∙▒ ∙∙▒ ▒
▒∙∙▒▒∙▒▒∙▒∙▒∙∙∙▒
∙∙▒∙$)∙∙∙∙∙∙∙∙∙∙∙∙
▒>∙∙∙∙∙∙▒∙∙∙∙∙∙∙▒▒▒
▒∙▒∙∙▒▒∙▒∙∙▒▒▒▒∙∙∙
∙∙∙∙∙∙∙∙∙∙∙∙∙∙▒∙▒
▒∙▒▒∙▒▒)▒∙∙▒▒∙∙∙▒ ▒
▒∙▒▒R▒∙∙▒▒▒▒∙▒
▒∙∙∙∙∙∙∙∙∙∙∙∙∙∙
▒▒▒▒∙∙▒▒▒▒▒▒▒▒▒▒
▒∙∙∙∙∙∙∙∙∙
▒▒▒▒∙▒▒▒▒▒▒∙
▒∙∙∙∙∙∙▒ ▒▒∙▒▒∙▒∙▒
▒∙∙∙∙∙▒∙▒ ▒▒∙▒▒▒▒∙▒


There were no monsters in sight!

Vanquished Creatures
  An orc wizard (D:3)
  A hound skeleton (D:2)
  An adder (D:3)
  3 dart slugs
  2 orcs (D:3)
  4 bats
  4 endoplasms
  6 goblins
  3 hobgoblins
  4 jackals (D:1)
  A quokka (D:1)
  3 ball pythons
  A frilled lizard (D:1)
  6 kobolds
  4 rats
44 creatures vanquished.

Notes
Turn   | Place    | Note
-------+----------+-------------------------------------------
     0 | D:1      | Zeor the Djinni Cinder Acolyte began the quest for the Orb.
     0 | D:1      | Reached XP level 1. HP: 20/20 MP: 0/0
   104 | D:1      | HP: 1/20 [jackal (2)]
   448 | D:2      | Reached XP level 2. HP: 18/25 MP: 0/0
   654 | D:2      | Reached XP level 3. HP: 20/30 MP: 0/0
   654 | D:2      | Learned a level 1 spell: Magic Dart
  1644 | D:2      | Reached XP level 4. HP: 32/35 MP: 0/0
  1717 | D:2      | You are sucked into a shaft and drop 1 floor!
  1937 | D:3      | Reached XP level 5. HP: 4/40 MP: 0/0
  1937 | D:3      | Learned a level 2 spell: Poisonous Vapours
  1940 | D:3      | Slain by an orc wizard

Illustrated notes

Levels and vault maps discovered:
D:1:      dpeg_arrival_rooms_with_view, layout_rooms
D:2:      layout_basic, kennysheep_decorative_pillar, minmay_misc_feat_rugged,
          minmay_hexomino_u4, uniq_terence, uniq_sigmund
D:3:      due_chaos_kobolds, layout_loops_cross, lightli_temple_of_fire,
          basic_ecumenical_altar

Skill      XL: |  1  2  3 |
---------------+----------+-----
Long Blades    | 3 |  3.0
Spellcasting   | 3 |  3.7
Fighting       | |  3.2
Dodging        | |  0.9

Action                   |  1- 3 |  4- 6 || total
-------------------------+-------+-------++-------
Melee: Falchion          |    42 |    12 ||    54
       Punch             |     1 |       ||     1
 Cast: Scorch            |    14 |    11 ||    25
       Magic Dart        |    23 |     8 ||    31
  Use: Scroll            |     3 |       ||     3
       Potion            |     1 |     1 ||     2
Armor: Robe              |    10 |     6 ||    16
Dodge: Dodged            |    32 |     7 ||    39
